 Dungeon Crawl Stone Soup version 0.24-a0-181-gd121a6d (webtiles) character file.

Game seed: 7158940527196979556

149 gruber the Conjurer (level 5, -2/24 HPs)
             Began as a Vine Stalker Conjurer on Mar 14, 2019.
             Was an Initiate of Gozag.
             Killed by divine providence
             ... invoked by an orc priest
              (14 damage)
             ... on level 4 of the Dungeon.
             The game lasted 00:04:58 (2179 turns).

gruber the Conjurer (Vine Stalker Conjurer)         Turns: 2179, Time: 00:04:58

Health: -2/24      AC:  2    Str: 10    XL:     5   Next: 31%
Magic:  0/9        EV: 12    Int: 16    God:    Gozag
Gold:   209        SH:  0    Dex: 15    Spells: 2/8 levels left

rFire    . . .     SeeInvis .   b - +0 dagger (freeze)
rCold    . . .     Gourm    .   (no shield)
rNeg     . . .     Faith    .   a - +0 robe
rPois    .         Spirit   +   (no helmet)
rElec    .         Reflect  .   o - scarf {repulsion}
rCorr    .         Harm     .   (no gloves)
MR       .....                  (no boots)
Stlth    ++........             (no amulet)
HPRegen  0.48/turn              (no ring)
MPRegen  0.11/turn              (no ring)

@: gold aura, repel missiles
A: fangs 2, regeneration 1, magic shield, antimagic bite, no potion heal 3, rot
immunity
a: Potion Petition, Call Merchant, Bribe Branch, Renounce Religion


You were on level 4 of the Dungeon.
You worshipped Gozag.
Gozag was aware of your devotion.
You were near starving.

You visited 1 branch of the dungeon, and saw 4 of its levels.

You collected 215 gold pieces.
You paid 6 gold pieces to Gozag.

Inventory:

Hand Weapons
 b - a +0 dagger of freezing (weapon)
Armour
 a - a +0 robe (worn)
 l - a +1 cloak
 o - a scarf of repulsion (worn)
Scrolls
 d - 4 scrolls of identify {unknown}
 f - a scroll of enchant armour {unknown}
 h - 2 scrolls of fear {unknown}
 i - 2 scrolls of remove curse {unknown}
 j - 4 scrolls of magic mapping {unknown}
 p - a scroll of immolation {unknown}
Potions
 e - 2 potions of degeneration {unknown}
 g - 2 potions of curing {unknown}
 k - a potion of resistance {unknown}
 m - a potion of might {unknown}
 n - 2 potions of magic {unknown}
 q - a potion of heal wounds {unknown}
Comestibles
 c - 5 rations


   Skills:
 - Level 1.5 Dodging
 - Level 2.4 Stealth
 - Level 2.1 Spellcasting
 + Level 6.4 Conjurations


You had 2 spell levels left.
You knew the following spells:

 Your Spells              Type           Power        Failure   Level  Hunger
a - Magic Dart            Conj           ###.         1%          1    #......
b - Searing Ray           Conj           ###...       2%          2    ###....
c - Dazzling Spray        Conj/Hex       ##....       16%         3    ###....

Your spell library contained the following spells:

 Spells                   Type           Power        Failure   Level  Hunger
 Iskenderun's Mystic Bla  Conj           ###.....     14%         4    #####..
 Force Lance              Conj/Tloc      ##......     47%         4    #####..
 Fulminant Prism          Conj/Hex       ##........   47%         4    #####..


Dungeon Overview and Level Annotations

Branches:
Dungeon (4/15)
 Temple: D:4-7

Altars:
Gozag


Innate Abilities, Weirdness & Mutations

You have extremely sharp teeth.
Your natural rate of healing is unusually fast.
When hurt, damage is shared between your health and your magic reserves.
Your bite disrupts and absorbs the magic of your enemies.
Potions cannot restore your health.
You are immune to rotting.


Message History

Aim: an orc priest, wielding a +0 whip The searing ray hits the orc priest.
The orc priest is moderately wounded. (Press . to maintain the ray.)
The searing ray misses the orc priest.
The orc priest calls down the wrath of Beogh upon you.
Beogh smites you!
The searing ray hits the orc priest.
The orc priest is severely wounded.
The orc priest looks braver for a moment.
Without enough magic to sustain it, your searing ray dissipates.
Casting: Searing Ray (safe; 2% risk of failure)
Confirm with . or Enter, or press ? or * to list all spells.
You don't have enough magic to cast that spell.
Unknown command.
The orc priest calls down the wrath of Beogh upon you.
Beogh smites you!
Ouch! That really hurt!
You die...
Your body crumbles into a pile of gold.

.## !.. .'#
#####'#####
#.........###.
#..!o.........
#.....l.......
#.......#
#$@..##..
#.<...#
#.##..# #.#
..# #.# .# #.#
.. #.# .# #.#
.. #.


You could see an orc priest and a frilled lizard.

Vanquished Creatures
  A howler monkey (D:4)
  5 adders
  2 worms (D:2)
  2 dart slugs
  2 leopard geckos
  An orc (D:3)
  2 ball pythons
  4 bats
  2 giant cockroaches
  8 goblins
  5 hobgoblins
  8 kobolds
  5 frilled lizards
  8 rats
55 creatures vanquished.

Notes
Turn   | Place    | Note
-------+----------+-------------------------------------------
     0 | D:1      | gruber the Vine Stalker Conjurer began the quest for the
                  | Orb.
     0 | D:1      | Reached XP level 1. HP: 9/9 MP: 4/4
   387 | D:1      | Reached XP level 2. HP: 10/13 MP: 0/6
   680 | D:1      | Reached XP level 3. HP: 16/16 MP: 4/7
   801 | D:2      | Reached skill level 5 in Conjurations
   988 | D:1      | Learned a level 2 spell: Searing Ray
   992 | D:1      | Learned a level 3 spell: Dazzling Spray
  1123 | D:2      | Gained mutation: Your natural rate of healing is unusually
                  | fast. [Vine Stalker growth]
  1123 | D:2      | Reached XP level 4. HP: 14/21 MP: 1/8
  1364 | D:2      | Found an opulent altar of Gozag.
  1452 | D:2      | Became a worshipper of Gozag Ym Sagoz the Greedy
  1786 | D:3      | Reached skill level 6 in Conjurations
  2172 | D:4      | Reached XP level 5. HP: 19/24 MP: 6/9
  2179 | D:4      | Killed from afar by an orc priest

Levels and vault maps discovered:
D:1:      dpeg_arrival_three_same_balls, layout_loops_cross
D:2:      layout_loops_ring, lemuel_doored_altar
D:3:      layout_rooms, first_ration
D:4:      layout_basic, minmay_bent

Skill      XL: |  1  2  3  4 |
---------------+-------------+-----
Conjurations   | 5 6 |  6.4
Dodging        | |  1.5
Stealth        | |  2.4
Spellcasting   | |  2.1

Action                   |  1- 3 |  4- 6 || total
-------------------------+-------+-------++-------
Melee: Dagger            |    45 |    57 ||   102
       Unarmed           |     3 |       ||     3
       Bite              |     7 |    11 ||    18
 Cast: Magic Dart        |    40 |     7 ||    47
       Searing Ray       |     3 |     2 ||     5
 Stab: Sleeping          |     2 |     9 ||    11
  Eat: Chunk             |     1 |     2 ||     3
Armor: Robe              |     9 |    14 ||    23
Dodge: Dodged            |    47 |    46 ||    93
       Deflected         |       |     2 ||     2

Table legend:
 A = Non-vault XP
 B = Vault XP
 C = Vault XP percentage of total XP
 D = Non-vault monster count
 E = Vault monster count
 F = Vault count percentage of total count
                 A         B        C        D         E       F
            +---------+---------+-------+---------+---------+-------
      Total |     214 |       0 |   0.0 |      55 |       0 |   0.0
            +---------+---------+-------+---------+---------+-------
        D:1 |      34 |       0 |   0.0 |      19 |       0 |   0.0
        D:2 |      76 |       0 |   0.0 |      19 |       0 |   0.0
        D:3 |      47 |       0 |   0.0 |      16 |       0 |   0.0
        D:4 |      57 |       0 |   0.0 |       1 |       0 |   0.0
            +---------+---------+-------+---------+---------+-------
